 Dungeon Crawl Stone Soup version 0.31-a0-765-g67fe2935dc (webtiles) character file.

Game seed: 612806278157346567

34353 GigaChad the Cleaver (level 14, -6/48 HPs) *EXPLORE*
             Began as a Formicid Fighter on Sept 14, 2023.
             Was an Initiate of Gozag.
             Mangled by a dream sheep (14 damage)
             ... on level 4 of the Lair of Beasts on Sept 15, 2023.
             The game lasted 00:26:07 (13280 turns).

GigaChad the Cleaver (Formicid Fighter)            Turns: 13280, Time: 00:26:08

Health: -6/48      AC:  3    Str: 38    XL:     14   Next: 12%
Magic:  14/14      EV:  2    Int:  8    God:    Gozag
Gold:   1984       SH:  0    Dex: 13    Spells: 13/13 levels left

rFire   . . .        B - +4 war axe "Umonamp" {venom, rElec}
rCold   . . .        y - +1 kite shield
rNeg    . . .        r - melded +1 plate armour
rPois   .            (helmet unavailable)
rElec   +            E - +2 cloak {Stlth+}
rCorr   .            (no gloves)
SInv    +            (no boots)
Will    +....        v - amulet of regeneration
Stlth   ++++         e - +6 ring of strength
HPRegen 1.08/turn    S - +6 ring of strength
MPRegen 0.14/turn

%: no passive effects
@: maw-form, sleeping
A: devouring maw, reduced hp, permanent stasis, dig shafts and tunnels, antennae
3, four strong arms
a: Dig, Shaft Self, Begin Untransformation, Renounce Religion, Potion Petition,
Call Merchant, Bribe Branch


You were on level 4 of the Lair of Beasts.
You worshipped Gozag.
Gozag was most pleased with you.
You were a creature with a mouth for a stomach.
You visited 3 branches of the dungeon, and saw 16 of its levels.
You also visited: Sewer and Bailey.

You collected 3076 gold pieces.
You spent 1023 gold pieces at shops.
You paid 69 gold pieces to Gozag.

Inventory:

Hand Weapons
 a - a +0 war axe
 t - a +2 dire flail of draining
 B - the +4 war axe "Umonamp" (weapon) {venom, rElec}
   (You bought it in a shop on level 4 of the Dungeon)

   rElec:     It insulates you from electricity.
 H - a +3 trident of draining
 N - a +0 lajatang
 O - a +2 battleaxe
Armour
 b - a +0 scale mail
 r - a +1 plate armour (melded)
 y - a +1 kite shield (worn)
 E - a +2 cloak of stealth (worn)
Jewellery
 e - a +6 ring of strength (left hand)
 o - a +5 ring of evasion
 v - an amulet of regeneration (around neck)
 A - an amulet of faith
 K - a +6 ring of dexterity
 P - a ring of ice
 S - a +6 ring of strength (right hand)
 V - an amulet of the acrobat
Talismans
 C - a beast talisman
 W - a maw talisman (active)
Wands
 h - a wand of charming (10)
 u - a wand of quicksilver (41)
 I - a wand of digging (4)
 R - a wand of flame (13)
 X - a wand of iceblast (4)
Scrolls
 i - 3 scrolls of vulnerability
 k - 4 scrolls of immolation
 l - 3 scrolls of teleportation
 x - 4 scrolls of torment
 z - 2 scrolls of poison
 D - 2 scrolls of enchant armour
 F - 3 scrolls of amnesia
 G - 2 scrolls of fog
 J - a scroll of acquirement
 Q - 3 scrolls of identify
 U - 2 scrolls of silence {unknown}
Potions
 c - a potion of ambrosia {unknown}
 d - 4 potions of might
 f - 3 potions of degeneration
 g - 2 potions of lignification {unknown}
 j - 2 potions of cancellation {unknown}
 m - 2 potions of attraction {unknown}
 n - 7 potions of curing {unknown}
 p - 2 potions of magic {unknown}
 q - a potion of berserk rage {unknown}
 s - 5 potions of heal wounds
 w - 3 potions of enlightenment
 L - 4 potions of haste {unknown}
 M - 4 potions of brilliance {unknown}
 T - a potion of invisibility {unknown}


   Skills:
 * Level 10.6 Fighting
 * Level 14.8(15.4) Axes
 * Level 6.8(11.8) Maces & Flails
 * Level 10.8 Armour
 * Level 5.5 Stealth
 * Level 11.7 Shields
 * Level 4.4 Shapeshifting


You had 13 spell levels left.
You didn't know any spells.
Your spell library contained the following spells:

 Spells                   Type           Power      Damage    Failure   Level
 Freeze                   Ice            0%         1d3       52%         1
 Slow                     Hex            0%         N/A       52%         1
 Summon Small Mammal      Summ           0%         N/A       52%         1
 Poisonous Vapours        Pois/Air       0%         N/A       65%         2
 Call Canine Familiar     Summ           0%         N/A       87%         3
 Confusing Touch          Hex            0%         N/A       87%         3
 Frozen Ramparts          Ice            0%         1d1       87%         3
 Hailstorm                Conj/Ice       0%         3d3       87%         3
 Mephitic Cloud           Conj/Pois/Air  0%         N/A       87%         3
 Sigil of Binding         Hex            0%         N/A       87%         3
 Summon Guardian Golem    Hex/Summ       0%         N/A       87%         3
 Tukima's Dance           Hex            0%         N/A       87%         3
 Vampiric Draining        Necr           0%         2d6       87%         3
 Olgreb's Toxic Radiance  Pois           0%         N/A       99%         4
 Passage of Golubria      Tloc           0%         N/A       99%         4
 Alistair's Intoxication  Tmut/Pois      0%         N/A       100%        5
 Arcjolt                  Conj/Air       0%         1d10      100%        5
 Borgnjor's Vile Clutch   Necr/Erth      0%         N/A       100%        5
 Freezing Cloud           Conj/Ice/Air   0%         6-21      100%        5
 Yara's Violent Unravell  Hex/Tmut       0%         3d3       100%        5
 Eringya's Noxious Bog    Tmut/Pois      0%         4d6       100%        6
 Discord                  Hex            0%         N/A       100%        8
 Ignition                 Fire           0%         3d3       100%        8
 Maxwell's Capacitive Co  Air            0%         ∞         100%        8
 Vhi's Electric Charge    Tloc/Air       Unusable   N/A       N/A         4

Dungeon Overview and Level Annotations

Branches:
Dungeon (11/15)            Temple (1/1) D:5            Lair (4/5) D:11
  Swamp (0/4) Lair:3       Spider (0/4) Lair:3          Orc (0/2) D:9
  Sewer (visited)          Bailey (visited)
  Slime: Lair:4-5

Altars:
Ashenzari
Cheibriados
Dithmenos
Elyvilon
Fedhas
Gozag
Hepliaklqana
Kikubaaqudgha
Makhleb
Nemelex Xobeh
Okawaru
Qazlal
Ru
Sif Muna
Trog
Uskayaw
Vehumet
Wu Jian
Xom
Yredelemnul
Zin
The Shining One
Jiyva

Shops:
D:4 (   D:5 *   D:10 *   D:11 *!

Annotations:
D:11 2 transporters
Lair:3 2 transporters


Innate Abilities, Weirdness & Mutations

You are a creature with a mouth for a stomach.
Your midsection houses a second, enormous mouth.
Your maximum health is decreased, since you lack skill for your form.
You cannot be hasted, slowed, berserked, paralysed or teleported.
You can dig through walls and to a lower floor.
You have a pair of large antennae on your head. (SInv)
Your four strong arms can wield two-handed weapons with a shield.


Message History

You completely miss the yak. Your bite misses the yak.
The yak is almost dead.
You slash the blink frog!
The blink frog is poisoned.
You hit the yak.
The yak looks as sick as possible!
You slash the death yak!
You kill the death yak!
The blink frog hits you.
* * * LOW HITPOINT WARNING * * *
The yak barely misses you.
You slice the yak!!
You kill the yak!
You slice the yak!!
You kill the yak!
You closely miss the dream sheep. You barely miss the blink frog.
The dream sheep is no longer distracted by gold.
The blink frog hits you.
* * * LOW HITPOINT WARNING * * *
The blink frog blinks!
The blink frog is distracted by your dazzling golden aura.
The yak is distracted by your dazzling golden aura.
The dream sheep is distracted by your dazzling golden aura. x3
You see here 32 gold pieces.
Unknown command.
Unknown command.
The dream sheep bleats! x2; The blink frog croaks.
You hit the yak.
The yak is poisoned.
The yak is no longer distracted by gold.
Your bite misses the yak.
The yak is lightly wounded.
You slash the dream sheep!
The dream sheep is poisoned.
The dream sheep is no longer distracted by gold.
The dream sheep is distracted by your dazzling golden aura.
You block the yak's attack.
The dream sheep are wreathed in dream dust.
You feel drowsy...
You fall asleep.
The dream sheep is distracted by your dazzling golden aura.
The blink frog is distracted by your dazzling golden aura.
The yak is no longer distracted by gold.
The dream sheep bites you!
You die...
Your body crumbles into a pile of gold.

........ #............
.........P #............
.........# #...#........
.........####.F..........
.........##..............
......Y.#.#....#........
#....#................
#.$$§#..............
,,##YW$#...##.........
.....YY#Y##.............#
.....YYY##..{##.........#
....#{.Y{....# ...... ...
#.YY { ... .. .. #..F, .
..8. .....


You could see 2 yaks, 2 blink frogs and 8 dream sheep.

Vanquished Creatures
  Fannar (D:10)
  A ghost crab (Lair:3)
  A two-headed ogre (D:9)
  An orc high priest (Bailey)
  5 death yaks (Lair:4)
  A skyshark (Lair:4)
  A spectral death yak (Lair:3)
  Amaemon (D:11)
  A spectral hydra (Lair:3)
  An orb spider (Lair:3)
  3 orc knights (Bailey)
  3 black mambas
  An orange demon (D:11)
  4 centaur zombies (D:10)
  A torpor snail (Lair:2)
  Jeremiah (D:8)
  An unseen horror (D:11)
  A kobold demonologist (Bailey)
  2 rime drakes
  15 cane toads
  An unseen horror zombie (D:10)
  7 komodo dragons
  2 trolls (D:11)
  A polar bear (Lair:2)
  A spectral dream sheep (Lair:3)
  2 spectral elephants (Lair:3)
  4 blink frogs
  8 dream sheep
  A centaur simulacrum (D:10)
  Sigmund (D:2)
  2 shadows (D:11)
  A basilisk (Lair:3)
  A water elemental (D:11)
  3 wyverns
  19 yaks
  Eustachio (D:5)
  2 steam dragons (D:8)
  Edmund (D:6)
  2 water moccasins
  A meliai simulacrum (D:10)
  4 ice beasts
  3 black bears
  2 sky beasts
  13 orc warriors
  5 wolves
  An ogre (D:5)
  6 centaurs
  2 phantoms
  3 kobold brigands
  6 bullfrogs
  A scorpion (D:6)
  9 wights
  5 killer bees (D:8)
  12 electric eels
  6 howler monkeys
  6 hounds
  3 jellies
  9 orc priests
  2 sleepcaps
  10 orc wizards
  An iguana (D:6)
  A howler monkey zombie (D:10)
  5 gnolls (Bailey)
  2 adders
  2 shadow imps (D:6)
  2 white imps
  A howler monkey simulacrum (D:10)
  3 ufetubi
  3 worms
  5 dart slugs
  67 orcs
  6 endoplasms
  2 giant cockroaches
  7 goblins
  17 hobgoblins
  2 jackals (Sewer)
  11 kobolds
  2 quokkas
  10 ball pythons
  5 bats
  3 frilled lizards
  7 rats
379 creatures vanquished.

Vanquished Creatures (others)
  An unseen horror (D:11)
  An orc (D:11)
  A butterfly (D:10)
3 creatures vanquished.

Grand Total: 382 creatures vanquished

Notes
Turn   | Place    | Note
-------+----------+-------------------------------------------
     0 | D:1      | GigaChad the Formicid Fighter began the quest for the Orb.
     0 | D:1      | Reached XP level 1. HP: 18/18 MP: 1/1
   231 | D:1      | Reached XP level 2. HP: 24/24 MP: 2/2
   392 | D:1      | Entered explore mode.
   911 | D:2      | Reached XP level 3. HP: 29/29 MP: 3/3
   955 | D:2      | Found a sparkling altar of Nemelex Xobeh.
  1004 | D:2      | Noticed Sigmund
  1014 | D:2      | Killed Sigmund
  1015 | D:2      | Reached skill level 3 in Axes
  1015 | D:2      | Reached skill level 5 in Shields
  1015 | D:2      | Reached XP level 4. HP: 27/37 MP: 4/4
  1015 | D:2      | Reached XP level 5. HP: 30/42 MP: 5/5
  1613 | D:3      | Reached XP level 6. HP: 48/48 MP: 6/6
  1754 | D:3      | Found a radiant altar of Vehumet.
  2273 | D:3      | Found a faded altar of an unknown god.
  2359 | D:4      | Found Ikaobiaf's Antique Weapon Shop.
  2368 | D:4      | Upgraded the game from 0.31-a0-750-gfe7b580527 to
                  | 0.31-a0-765-g67fe2935dc
  2550 | D:4      | Reached skill level 4 in Axes
  2903 | D:5      | Entered Level 5 of the Dungeon
  2915 | D:5      | Noticed an ogre
  2927 | D:5      | Reached skill level 5 in Armour
  2927 | D:5      | Reached XP level 7. HP: 53/55 MP: 7/7
  3022 | D:5      | Found Qaypro's Assorted Antiques.
  3163 | D:5      | Found a glowing drain.
  3189 | Sewer    | Entered a sewer
  3255 | Sewer    | Reached skill level 5 in Axes
  3291 | Sewer    | Found a white marble altar of Elyvilon.
  3415 | D:5      | Noticed Eustachio
  3436 | D:5      | Killed Eustachio
  3597 | D:5      | Reached XP level 8. HP: 61/61 MP: 8/8
  3648 | D:5      | Reached skill level 5 in Fighting
  3648 | D:5      | Reached skill level 6 in Axes
  3655 | D:5      | Found a staircase to the Ecumenical Temple.
  3794 | Temple   | Entered the Ecumenical Temple
  3824 | Temple   | Became a worshipper of Gozag Ym Sagoz the Greedy
  3867 | D:6      | Noticed Edmund
  3868 | D:6      | Found a glowing golden altar of the Shining One.
  3878 | D:6      | Killed Edmund
  4286 | D:4      | Bought a translucent war axe for 195 gold pieces
  4286 | D:4      | Identified the +4 war axe "Umonamp" {venom, rElec} (You
                  | bought it in a shop on level 4 of the Dungeon)
  4334 | D:6      | Reached skill level 7 in Axes
  4377 | D:6      | Reached skill level 1 in Maces & Flails
  4410 | D:6      | Reached XP level 9. HP: 68/68 MP: 9/9
  4456 | D:6      | Found a blossoming altar of Fedhas.
  4508 | D:6      | Found a shimmering blue altar of Sif Muna.
  4663 | D:6      | Found a hazy altar of Hepliaklqana.
  4980 | D:7      | Found a shimmering altar of Xom.
  5020 | D:7      | Reached skill level 8 in Axes
  5120 | D:7      | Found a burning altar of Makhleb.
  5120 | D:7      | Noticed a green death
  5201 | D:7      | Found a hide-covered altar of Uskayaw.
  5469 | D:8      | Noticed Jeremiah
  5515 | D:8      | Reached skill level 9 in Axes
  5515 | D:8      | Reached XP level 10. HP: 19/77 MP: 10/10
  6129 | D:8      | Killed Jeremiah
  6729 | D:9      | Noticed a two-headed ogre
  6742 | D:9      | Killed a two-headed ogre
  6743 | D:9      | Reached skill level 10 in Axes
  7238 | D:9      | Found a staircase to the Orcish Mines.
  7481 | D:10     | Entered Level 10 of the Dungeon
  7635 | D:10     | Reached skill level 11 in Axes
  7635 | D:10     | Reached XP level 11. HP: 47/84 MP: 11/11
  7708 | D:10     | Found a flagged portal.
  7842 | Bailey   | Entered a bailey
  7964 | Bailey   | Noticed an orc high priest
  7965 | Bailey   | Noticed a soul eater
  7968 | Bailey   | Noticed an orc knight
  7983 | Bailey   | Slain by a soul eater (8 damage)
                  | ... summoned by an orc high priest
  7985 | Bailey   | Noticed a soul eater
  7989 | Bailey   | HP: 4/86 [soul eater[an orc high priest] (3)]
  7990 | Bailey   | Slain by an orc knight
                  | ... wielding a +0 war axe
                  | (6 damage)
  7991 | Bailey   | Killed an orc high priest
  7994 | Bailey   | Killed an orc knight
  8161 | Bailey   | Reached skill level 12 in Axes
  8201 | Bailey   | Found an iron altar of Okawaru.
  8383 | Bailey   | Noticed an orc knight
  8404 | Bailey   | Killed an orc knight
  8438 | Bailey   | Noticed an orc knight
  8447 | Bailey   | Killed an orc knight
  8771 | D:10     | Found a white marble altar of Elyvilon.
  8837 | D:10     | Noticed Fannar
  8851 | D:10     | Killed Fannar
  8852 | D:10     | Reached XP level 12. HP: 83/94 MP: 12/12
  9069 | D:10     | Reached skill level 5 in Maces & Flails
  9096 | D:10     | Found a basalt altar of Yredelemnul.
  9163 | D:10     | Found Sakk's Assorted Antiques.
  9171 | D:10     | Bought a +6 ring of strength for 828 gold pieces
  9338 | D:11     | Reached skill level 1 in Stealth
  9378 | D:11     | Reached skill level 1 in Shapeshifting
  9676 | D:11     | Found Ycayl's Distillery.
  9709 | D:11     | Found a transporter.
  9757 | D:11     | Reached skill level 13 in Axes
  9757 | D:11     | Reached skill level 10 in Shields
  9821 | D:11     | Found a staircase to the Lair.
  9975 | D:11     | Found a transporter.
  9975 | D:11     | Found a viscous altar of Jiyva.
  9975 | D:11     | Noticed a glowing orange brain
 10038 | D:11     | Found Soedwico's Neck Hole.
 10040 | D:11     | Noticed Amaemon
 10056 | D:11     | Killed Amaemon
 10331 | Lair:1   | Entered Level 1 of the Lair of Beasts
 10352 | Lair:1   | Slain by a komodo dragon (17 damage)
 10629 | Lair:1   | Reached XP level 13. HP: 101/101 MP: 13/13
 11185 | Lair:2   | Reached skill level 10 in Armour
 11234 | Lair:2   | Reached skill level 14 in Axes
 12174 | Lair:3   | Reached skill level 10 in Fighting
 12175 | Lair:3   | HP: 4/103 [poisoned by a cane toad]
 12175 | Lair:3   | HP: 1/103 [cane toad (3)]
 12176 | Lair:3   | Succumbed to a cane toad's poison
 12306 | Lair:3   | Found a staircase to the Swamp.
 12306 | Lair:3   | Noticed a ghost crab
 12335 | Lair:3   | Killed a ghost crab
 12569 | Lair:3   | Found a transporter.
 12570 | Lair:3   | Found a transporter.
 12756 | Lair:3   | Found a hole to the Spider Nest.
 12802 | Lair:3   | Reached skill level 5 in Stealth
 13141 | Lair:4   | Slain by a skyshark (9 damage)
 13144 | Lair:4   | Mangled by a yak (14 damage)
 13146 | Lair:4   | Slain by a yak (15 damage)
 13152 | Lair:4   | Succumbed to a black mamba's poison
 13154 | Lair:4   | Mangled by a black mamba (9 damage)
 13158 | Lair:4   | HP: 2/40 [poisoned by a black mamba]
 13159 | Lair:4   | Succumbed to a black mamba's poison
 13253 | Lair:4   | Annihilated by a death yak (63 damage)
 13254 | Lair:4   | Mangled by a death yak (47 damage)
 13258 | Lair:4   | HP: 1/40 [death yak (11)]
 13260 | Lair:4   | Mangled by a death yak (12 damage)
 13264 | Lair:4   | Slain by a death yak (5 damage)
 13267 | Lair:4   | Slain by a death yak (24 damage)
 13268 | Lair:4   | Annihilated by a death yak (71 damage)
 13269 | Lair:4   | Mangled by a death yak (21 damage)
 13272 | Lair:4   | Reached XP level 14. HP: 38/111 MP: 14/14
 13274 | Lair:4   | Demolished by a death yak (30 damage)
 13280 | Lair:4   | Mangled by a dream sheep

Illustrated notes

Levels and vault maps discovered:
D:1:      sevenhm_arrival_forest_fort_large_2, layout_basic
D:2:      layout_loops_cross, basic_altar, kennysheep_cross_room, uniq_sigmund
D:3:      layout_loops_ring, mainiacjoe_overflow_24_doors,
          dreamdust_ecumenical_altar_hidden_monk_grotto
D:4:      layout_gridville, serial_shops, nicolae_shop_trees
D:5:      layout_basic, minmay_temple_entry_enclosed_plants, serial_shops, shop,
          cheibrodos_sewer_entry_sluice, serial_bayou_lagoon_a,
          minmay_misc_feat_enclosed, uniq_eustachio
D:6:      layout_cave_pools, mainiacjoe_overflow_concentric_impassable,
          mainiacjoe_overflow_alcove_4, lemuel_tele_altar,
          nicolae_overflow_crystal_walls, uniq_edmund
D:7:      layout_cave_pools, nicolae_uskayaw_suspiria, general_overflow_altar,
          makhleb_altar_promises_db
D:8:      layout_loops_ring, uniq_jeremiah
D:9:      layout_big_octagon, hiddenorc2_lemuel
D:10:     layout_roguey, lemuel_zombie_altar_yredelemnul,
          nicolae_elyvilon_peaceful_grove, enter_bailey_6, serial_ice,
          serial_ice_o, serial_ice_e, serial_ice_i, serial_ice_g, serial_shops,
          nicolae_shop_peninsula, hangedman_weighted_door, uniq_fannar
D:11:     gammafunk_jiyva_shrine, layout_loops_ring, erik_lair_island,
          serial_shops, shop, nicolae_shop_sticking_my_neck_out, uniq_amaemon
Temple:   nicolae_temple_bog_church
Lair:1:   layout_loops_ring, grunt_megastairs_2
Lair:2:   layout_roguey
Lair:3:   gammafunk_boulding_lane, layout_regular_city,
          nicolae_swamp_entry_spooky, nicolae_spider_entry_orb_guardian,
          chequers_serial_rivers_small_3, infiniplex_staircase_pool
Lair:4:   layout_cave_pods, dpeg_slime_entry_enclosed, grunt_megastairs_4,
          infiniplex_staircase_pool_2

Skill      XL: |  1  2  3  4  5  6  7  8  9 10 11 12 13 |
---------------+----------------------------------------+-----
Fighting       | 4 5 6 7 8 9 10 | 10.6
Axes           | 3 4 5 7 9 11 12 13 14 | 14.8
Armour         | 4 5 6 7 8 9 10 | 10.8
Shields        | 5 6 7 8 9 10 11 | 11.7
Maces & Flails | 1 2 3 4 5 6 |  6.8
Stealth        | 3 5 |  5.5
Shapeshifting  | 2 4 |  4.4

Action                     |  1- 3 |  4- 6 |  7- 9 | 10-12 | 13-15 || total
---------------------------+-------+-------+-------+-------+-------++-------
  Melee: War axe           |    46 |   133 |   198 |   548 |   243 ||  1168
         Punch             |       |       |     2 |     5 |       ||     7
         Maw               |       |       |       |       |    19 ||    19
Ability: Dig               |       |       |     8 |    27 |     2 ||    37
    Use: Scroll            |       |     6 |     2 |     9 |       ||    17
         Potion            |       |       |     1 |     2 |       ||     3
   Stab: Distracted        |       |       |       |     1 |     1 ||     2
 Armour: Scale mail        |     4 |       |   133 |    39 |       ||   176
         Chain mail        |    16 |    18 |       |       |       ||    34
         Plate armour      |       |    79 |     4 |   383 |   129 ||   595
         Skin              |       |       |       |       |    58 ||    58
  Dodge: Dodged            |    20 |    60 |   210 |   229 |    71 ||   590
  Block: Buckler           |     6 |    48 |     2 |       |       ||    56
         Kite shield       |       |       |       |   267 |   118 ||   385
   Form: Maw               |       |       |       |       |     1 ||     1

Table legend: (Time is in decaauts)
 A = Elapsed time spent in this place.
 B = Non-inter-level travel time spent in this place.
 C = Inter-level travel time spent in this place.
 D = Time resting spent in this place.
 E = Time spent auto-exploring this place.
 F = Levels seen in this place.
 G = Mean time per level.
                   A        B        C        D        E       F      G
               +--------+--------+--------+--------+--------+-----+--------+
         Total |  13375 |  12794 |    581 |   1396 |   8253 |  18 |  743.1 |
       Dungeon |   9376 |   8901 |    475 |   1145 |   5645 |  11 |  852.4 |
        Temple |     46 |     31 |     15 |      0 |      0 |   1 |   46.0 |
          Lair |   2900 |   2809 |     91 |    139 |   2089 |   4 |  725.0 |
         Sewer |    169 |    169 |      0 |      0 |    120 |   1 |  169.0 |
        Bailey |    883 |    883 |      0 |    112 |    399 |   1 |  883.0 |
               +--------+--------+--------+--------+--------+-----+--------+

Top non-repeatable levels by time:
    D:11: 1144 daAuts
  Lair:3: 1103 daAuts
     D:7: 1003 daAuts
     D:3: 908 daAuts
  Lair:2: 893 daAuts
     D:8: 885 daAuts
  Bailey: 883 daAuts
     D:6: 867 daAuts
     D:5: 838 daAuts
    D:10: 834 daAuts
     D:9: 789 daAuts
     D:2: 748 daAuts
  Lair:1: 747 daAuts
     D:1: 738 daAuts
     D:4: 618 daAuts
